Map: Rhoskallian LE

Players

Xwebson

  • Race: Terran Terran
  • League: Platinum
  • Spawn Location: 11:00

Cyxlii

  • Race: Terran Terran
  • League: Platinum
  • Spawn Location: 12:00

Ekelpack - Winner!

  • Race: Zerg Zerg
  • Spawn Location: 5:00

Nyck - Winner!

  • Race: Terran Terran
  • Spawn Location: 6:00

VOD

Have the link to the VOD?

Description

Time

  • Played on: April 18, 2025, 4:36 p.m.
  • Length: 12:54
Show
View Real Time Build Order
Export as new Build Order

Xwebson Terran 

Build Orders:  

Get SALT Encoding   

  12  0:01  SCV  
  13  0:13  SCV  
  14  0:29  SCV  
  14  0:30  Supply Depot  
  15  0:51  SCV  
  15  0:55  Barracks  
  16  1:01  Refinery  
  16  1:03  SCV  
  17  1:04  Refinery  
  17  1:15  SCV  
  18  1:28  SCV  
  19  1:40  SCV  
  20  1:49  Command Center  
  20  1:52  SCV  
  22  2:00  Supply Depot  
  22  2:04  SCV  
  23  2:17  SCV  
  23  2:21  Reaper  
  24  2:28  Supply Depot  
  24  2:30  SCV  
  24  2:35  Factory  
  25  2:42  SCV  
  26  2:52  Supply Depot  
  26  2:53  Marine  
  27  3:03  Orbital Command  
  27  3:06  Orbital Command  
  27  3:20  Factory Tech Lab  
  26  3:43  SCV  
  27  3:48  Siege Tank  
  27  3:52  Starport  
  27  3:55  SCV  
  31  3:57  SCV  
  31  4:02  Refinery  
  32  4:05  Refinery  
  32  4:07  SCV  
  32  4:09  SCV  
  34  4:12  Barracks Tech Lab  
  34  4:17  Supply Depot  
  33  4:20  Siege Tank  
  33  4:21  SCV  
  33  4:24  SCV  
  37  4:33  SCV  
  37  4:36  SCV  
  36  4:45  SCV  
  36  4:48  SCV  
  41  4:52  Siege Tank  
  41  4:57  Barracks  
  41  4:58  SCV  
  42  5:00  SCV  
  43  5:10  SCV  
  43  5:12  SCV  
  45  5:16  Starport Tech Lab  
  45  5:22  SCV  
  45  5:24  SCV  
  45  5:25  Siege Tank, Starport, Barracks  
  50  5:36  SCV x2  
  52  5:45  Supply Depot x2  
  52  5:48  SCV x2  
  54  5:50  Barracks Reactor  
  54  5:53  Barracks  
  54  5:54  Banshee  
  57  6:00  SCV x2  
  57  6:08  Supply Depot  
  57  6:10  Supply Depot  
  57  6:13  SCV  
  56  6:19  Barracks Tech Lab  
  56  6:22  Starport Tech Lab  
  56  6:25  SCV  
  57  6:29  Starport  
  55  6:36  SCV  
  55  6:37  SCV  
  56  6:48  SCV  
  56  6:49  SCV  
  58  6:57  Marine x3  
  58  6:59  Banshee x2  
  58  7:00  SCV  
  58  7:01  SCV  
  61  7:12  Starport Tech Lab, SCV  
  61  7:13  SCV  
  61  7:14  Marine  
  61  7:25  SCV  
  61  7:27  Siege Tank  
  64  7:41  Banshee  
  64  7:42  Banshee  
  70  7:55  Viking  
  70  7:56  Marine x3  
  75  8:04  Engineering Bay  
  69  8:13  Marine  
  69  8:14  Marine x2  
  70  8:24  Viking  
  70  8:25  Viking  
  74  8:31  Marine x2  
  74  8:32  Marine  
  77  8:43  Missile Turret  
  77  8:49  Marine x2  
  77  8:51  Command Center  
  79  8:59  Supply Depot  
  79  9:19  Supply Depot  
  79  9:20  Marine x2  
  79  9:21  Missile Turret  
  79  9:24  Orbital Command  
  81  9:25  Missile Turret  
  81  9:29  Missile Turret  
  58  10:22  Missile Turret  
  58  10:25  Missile Turret  
  58  10:30  Missile Turret  
  58  10:33  Missile Turret  
  58  10:36  Missile Turret  
  58  10:42  Marine x3  
  44  11:00  Marine x3  
  44  11:01  Refinery  
  47  11:06  Refinery  
  47  11:18  Marine x2  
  50  11:25  Marine  
  50  11:33  Barracks  
  50  11:35  SCV, Marine  
  50  11:36  Marine  
  53  11:43  Marine  
  54  11:47  SCV  
  54  11:53  Marine x2  
  57  11:59  SCV  
  50  12:11  SCV, Marine x2  
  50  12:14  Barracks Reactor  
  52  12:29  Marine x2  
  54  12:30  Barracks x2  
  54  12:35  Barracks Reactor  
Show
View Real Time Build Order
Export as new Build Order

Cyxlii Terran 

Build Orders:  

Get SALT Encoding   

  12  0:02  SCV  
  13  0:14  SCV  
  14  0:27  SCV  
  14  0:28  Supply Depot  
  15  0:45  Refinery  
  16  0:50  SCV  
  16  0:55  Barracks  
  16  1:02  SCV  
  17  1:14  SCV  
  18  1:26  SCV  
  19  1:38  SCV  
  20  1:43  Barracks  
  20  1:47  Refinery  
  20  1:50  SCV  
  21  1:58  Reaper  
  22  2:02  SCV  
  23  2:22  Supply Depot  
  23  2:33  Command Center  
  23  2:42  Barracks Tech Lab  
  23  2:44  SCV  
  24  2:53  Barracks Reactor  
  24  2:56  SCV  
  24  3:04  Marine  
  25  3:08  SCV  
  25  3:11  Supply Depot  
  26  3:15  Factory  
  26  3:20  SCV  
  26  3:22  Barracks  
  26  3:23  Marauder  
  29  3:30  Marine  
  29  3:32  SCV  
  31  3:38  Stimpack  
  31  3:41  Marine  
  32  3:45  Marauder  
  34  3:59  SCV  
  34  4:02  SCV  
  36  4:09  Supply Depot  
  36  4:11  SCV, Barracks  
  36  4:14  SCV  
  36  4:16  Factory Tech Lab  
  38  4:19  Marine x3  
  41  4:26  Marauder  
  43  4:41  Marine x3  
  44  4:48  Marauder  
  44  4:50  Siege Tank  
  49  4:53  SCV x2  
  51  5:05  SCV x2  
  53  5:08  Factory  
  53  5:09  Marauder  
  53  5:12  Supply Depot  
  55  5:17  SCV x2  
  55  5:18  Marine x2  
  59  5:22  Marine x2  
  61  5:29  SCV  
  61  5:34  SCV, Marauder  
  65  5:37  Concussive Shells  
  65  5:41  SCV  
  66  5:48  Cyclone  
  66  5:49  SCV  
  70  5:52  Refinery  
  70  6:10  SCV  
  70  6:11  Marine  
  70  6:12  Marine x2  
  70  6:14  SCV  
  70  6:15  Marine  
  69  6:19  Marauder  
  69  6:23  SCV  
  70  6:31  Factory Tech Lab  
  70  6:32  SCV  
  70  6:36  Siege Tank  
  60  6:57  Marine x3  
  60  6:58  Marine  
  64  7:04  Cyclone  
  67  7:16  SCV  
  67  7:17  SCV  
  67  7:20  Marine  
  70  7:33  Supply Depot  
  70  7:39  Starport  
  70  7:54  SCV x2, Marine  
  70  7:55  Marine  
  70  7:56  Marine x2  
  70  7:57  Supply Depot  
  67  8:07  SCV x2, Engineering Bay  
  67  8:12  Marine  
  70  8:17  Supply Depot  
  70  8:18  Marine x2  
  70  8:19  Supply Depot  
  72  8:28  Marine x2  
  74  8:37  SCV x2  
  74  8:40  Supply Depot  
  76  8:43  Refinery  
  76  8:51  Missile Turret  
  76  8:54  Missile Turret  
  62  9:11  Marine  
  62  9:12  Marine x2, Missile Turret  
  42  9:29  Cyclone  
  40  9:32  Missile Turret  
  30  9:43  Viking  
  29  9:49  Marine x3  
  29  9:50  Marine x2  
  34  10:01  Cyclone  
  37  10:13  Factory Tech Lab  
  37  10:17  Marine  
  37  10:18  Marine x2  
  40  10:29  SCV x2  
  40  10:33  Cyclone  
  45  10:41  SCV x2  
  50  10:54  SCV  
  38  10:59  Marine x2  
  38  11:02  Viking  
  24  11:29  SCV  
  25  11:37  Supply Depot  
  23  11:41  SCV  
  24  11:50  Marine x3  
  24  11:51  Marine x2  
  29  12:01  Supply Depot  
  29  12:10  Marine x4  
  29  12:11  Marine  
  34  12:19  SCV  
  35  12:24  Supply Depot  
Show
View Real Time Build Order
Export as new Build Order

Ekelpack Zerg - Winner!

Build Orders: Hatch First 

Get SALT Encoding   

  12  0:00  Drone  
  13  0:12  Overlord  
  13  0:18  Drone  
  14  0:31  Drone x2  
  14  0:34  Drone  
  17  0:55  Drone  
  17  0:56  Hatchery  
  17  0:57  Extractor  
  17  0:59  Drone  
  17  1:14  Spawning Pool  
  17  1:16  Drone  
  17  1:20  Drone  
  18  1:28  Drone  
  19  1:39  Drone  
  20  2:01  Metabolic Boost  
  20  2:02  Queen  
  20  2:08  Drone, Queen  
  24  2:11  Drone  
  26  2:20  Overlord  
  26  2:23  Drone  
  26  2:26  Zergling x2  
  28  2:38  Lair  
  28  2:49  Drone x2  
  30  2:54  Overlord  
  30  3:00  Drone  
  30  3:02  Drone x2  
  33  3:05  Extractor  
  33  3:06  Overlord  
  33  3:07  Extractor  
  33  3:08  Drone  
  32  3:13  Drone x3  
  32  3:17  Drone x2  
  37  3:40  Drone x2  
  37  3:41  Drone  
  40  3:43  Extractor  
  39  3:49  Zergling x2  
  39  3:50  Zergling x8  
  39  3:52  Drone x3  
  47  3:58  Spire  
  46  4:22  Drone  
  46  4:23  Drone  
  48  4:27  Overlord x3  
  46  4:40  Hatchery  
  41  4:49  Drone x2  
  43  5:10  Queen  
  43  5:11  Mutalisk  
  43  5:12  Mutalisk x7  
  61  5:23  Zergling x2  
  61  5:24  Zergling x4  
  61  5:28  Zerg Flyer Weapons Level 1, Zergling x2  
  64  5:29  Zergling x10  
  70  5:47  Overlord x2  
  70  5:57  Drone  
  70  5:58  Drone x6  
  77  6:04  Overlord  
  77  6:49  Mutalisk x7  
  77  6:50  Mutalisk x3  
  97  6:56  Drone x2  
  97  6:57  Drone x2  
  97  6:59  Extractor  
  97  7:00  Extractor  
  99  7:10  Drone x3  
  102  7:29  Infestation Pit  
  101  7:32  Evolution Chamber  
  101  7:33  Evolution Chamber  
  99  7:39  Drone x5  
  104  8:12  Overlord  
  104  8:13  Overlord x12  
  104  8:21  Overlord  
  104  8:22  Overlord  
  104  8:37  Hive  
  104  8:38  Zerg Melee Weapons Level 1  
  104  8:39  Zerg Ground Armor Level 1  
  104  8:41  Zerg Flyer Weapons Level 2  
  104  8:44  Hatchery  
  103  8:49  Drone x2  
  103  8:53  Zergling x16  
  109  9:30  Mutalisk  
  111  9:31  Mutalisk x8  
  127  9:40  Extractor  
  127  9:42  Extractor  
  109  10:08  Drone x11  
  120  10:25  Adrenal Glands  
  120  10:30  Pneumatized Carapace  
  120  10:33  Ultralisk Cavern  
  99  10:57  Zergling x2  
  99  10:58  Zergling x38  
  118  11:22  Ultralisk  
  118  11:23  Ultralisk x7  
  166  11:38  Ultralisk  
  166  11:39  Ultralisk  
  178  12:18  Zergling x2  
  178  12:19  Zergling x6  
Show
View Real Time Build Order
Export as new Build Order

Nyck Terran - Winner!

Build Orders:  

Get SALT Encoding   

  12  0:00  SCV  
  13  0:12  SCV  
  14  0:18  Supply Depot  
  14  0:24  SCV  
  15  0:40  SCV  
  15  0:41  Barracks  
  16  0:52  SCV  
  16  0:56  Refinery  
  17  0:58  Refinery  
  17  1:04  SCV  
  17  1:11  Barracks  
  18  1:16  SCV  
  19  1:29  Supply Depot  
  19  1:36  Orbital Command  
  19  1:40  Barracks Tech Lab  
  19  1:59  Barracks Tech Lab  
  19  2:00  Marauder  
  21  2:02  Concussive Shells  
  21  2:03  SCV  
  22  2:15  SCV  
  23  2:22  Factory  
  23  2:24  Marauder  
  23  2:27  SCV  
  26  2:32  Marauder  
  28  2:42  SCV  
  29  2:46  Marauder  
  31  3:04  Supply Depot  
  31  3:23  Command Center  
  31  3:25  SCV  
  32  3:37  SCV  
  33  3:45  Starport, Factory Reactor  
  33  3:48  Combat Shield  
  33  3:50  Stimpack  
  33  3:54  Marine  
  33  3:55  Marine  
  35  3:56  SCV  
  35  4:00  Barracks  
  36  4:05  Supply Depot  
  36  4:25  SCV  
  36  4:30  Marauder  
  36  4:31  Marauder, Medivac  
  39  4:51  Orbital Command, SCV  
  36  5:03  SCV  
  37  5:16  Starport  
  37  5:17  Starport Tech Lab  
  37  5:21  Fusion Core, SCV x2  
  37  5:25  Refinery  
  37  5:28  Refinery  
  39  5:29  Barracks Reactor  
  39  5:33  SCV x2  
  41  5:45  SCV  
  41  5:46  SCV  
  43  5:58  SCV x2  
  45  6:22  SCV  
  45  6:23  SCV  
  47  6:39  SCV x2  
  49  6:40  Marine x2, Marauder  
  53  6:48  Starport Tech Lab  
  53  6:51  Battlecruiser, Starport  
  53  7:33  SCV x2  
  53  7:34  Starport Tech Lab  
  53  7:36  Starport  
  55  7:43  Armory  
  55  7:46  Weapon Refit, Armory  
  55  7:55  SCV x2  
  57  8:14  Command Center  
  57  8:17  Supply Depot  
  57  8:21  Starport Tech Lab  
  57  8:25  SCV  
  57  8:26  SCV  
  59  8:36  Command Center  
  59  8:39  Battlecruiser  
  59  8:40  Supply Depot  
  65  8:47  SCV  
  65  8:48  SCV  
  67  8:57  Battlecruiser  
  67  9:00  Terran Vehicle And Ship Armor Level 1, Terran Ship Weapons Level 1  
  73  9:03  Supply Depot  
  73  9:07  SCV x2, Refinery  
  75  9:14  Battlecruiser  
  81  9:26  Supply Depot  
  81  9:27  Orbital Command  
  81  9:29  Refinery  
  81  9:31  SCV  
  81  9:32  SCV  
  83  9:41  Battlecruiser  
  89  9:47  SCV x2  
  89  9:48  Supply Depot  
  91  9:56  Orbital Command  
  91  9:59  Refinery  
  91  10:03  Refinery  
  91  10:05  Battlecruiser  
  97  10:12  Supply Depot  
  98  10:14  SCV x3  
  98  10:17  Command Center  
  100  10:23  SCV  
  100  10:27  SCV x3  
  100  10:28  Battlecruiser  
  110  10:35  Supply Depot  
  110  10:36  SCV  
  110  10:39  SCV  
  112  10:43  SCV  
  112  10:44  SCV  
  112  10:45  Battlecruiser  
  112  10:48  Refinery  
  120  10:57  Supply Depot  
  121  11:04  SCV x4  
  124  11:20  Supply Depot  
  124  11:31  Orbital Command, Refinery  
  124  11:36  SCV x4  
  128  11:43  Supply Depot, Battlecruiser x3  
  146  12:05  Supply Depot  
  152  12:09  Starport  
  152  12:10  Command Center  
  152  12:28  Supply Depot  
  152  12:32  SCV x2  
  152  12:33  SCV x3  
  157  12:46  Starport  
  175  12:52  Supply Depot  
  175  12:53  Refinery  
Tags
 
Add a new tag
Caveats
  • Supply blocks, unpowered buildings, or Contaminate may cause inaccurate times.
  • Supply counts are checked every 10 seconds.